EL
JACKSON GENERALS @ ERIE SEAWOLVES
08/18/2048
 
TOP OF THE 1ST
Jackson Generals batting - Pitching for Erie SeaWolves : RHP Dan Keener
Pitching: RHP Dan Keener
Batting: RHB Tomokazu Sugimoto 0-0: Ball
1-0: Fly out, F3 (Popup, 23F, EV 80.0 MPH)
Batting: RHB Ryan Criollo 0-0: Ball
1-0: Ball
2-0: Called Strike
2-1: Ground out 4-3 (Groundball, 4, EV 103.1 MPH)
Batting: RHB Julian Gregory 0-0: Ball
1-0: Foul Ball, location: 2F
1-1: Fly out, F8 (Line Drive, 8RM, EV 101.2 MPH)
Top of the 1st over - 0 runs, 0 hits, 0 errors, 0 left on base; Jackson 0 - Erie 0
BOTTOM OF THE 1ST
Erie SeaWolves batting - Pitching for Jackson Generals : LHP Andy Mathis
Pitching: LHP Andy Mathis
Batting: RHB Eric Angelle 0-0: Ball
1-0: Ball
2-0: Ball
3-0: Base on Balls
Batting: RHB Tony Soto 0-0: Ball
1-0: Ball
2-0: Ball
3-0: Base on Balls
Eric Angelle to second
Batting: LHB Dave Carlisle 0-0: Ball
1-0: Foul Ball, location: 2F
1-1: Ball
2-1: Foul Ball, location: 2F
2-2: DOUBLE (Flyball, 78XD, EV 98.8 MPH)
Eric Angelle scores
Tony Soto to third
Batting: RHB John Evancho 0-0: Ball
1-0: Foul Ball, location: 2F
1-1: Ball
2-1: Ground out 4-3 (Groundball, 34, EV 102.5 MPH)
Tony Soto scores
Dave Carlisle to third
Batting: RHB Adam MacConnell 0-0: Foul Ball, location: 2F
0-1: Ball
1-1: SINGLE (Flyball, 8RS, EV 95.6 MPH)
Dave Carlisle scores
Batting: RHB Benny O'Connor 0-0: Called Strike
0-1: Swinging Strike
0-2: Ball
1-2: Grounds into double play, 1-4-3 (Groundball, 15S, EV 75.0 MPH)
Bottom of the 1st over - 3 runs, 2 hits, 0 errors, 0 left on base; Jackson 0 - Erie 3
TOP OF THE 2ND
Jackson Generals batting - Pitching for Erie SeaWolves : RHP Dan Keener
Batting: RHB Adan Lake 0-0: Called Strike
0-1: Called Strike
0-2: Ball
1-2: Foul Ball, location: 2F
1-2: Foul Ball, location: 2F
1-2: Strikes out looking
Batting: SHB Brendan Bundy 0-0: Called Strike
0-1: Ball
1-1: Swinging Strike
1-2: Ball
2-2: Strikes out swinging
Batting: LHB Brent Dutcher 0-0: Called Strike
0-1: Swinging Strike
0-2: Ball
1-2: Ball
2-2: Strikes out swinging
Top of the 2nd over - 0 runs, 0 hits, 0 errors, 0 left on base; Jackson 0 - Erie 3
BOTTOM OF THE 2ND
Erie SeaWolves batting - Pitching for Jackson Generals : LHP Andy Mathis
Batting: RHB Tanner Purchase 0-0: Ball
1-0: Ball
2-0: Foul Ball, location: 2F
2-1: Ground out 1-3 (Groundball, 23, EV 67.5 MPH)
Batting: RHB Jose Evangelista 0-0: Swinging Strike
0-1: Foul Ball, location: 2F
0-2: Foul Ball, location: 2F
0-2: Ball
1-2: Ball
2-2: Ball
3-2: Strikes out swinging
Batting: RHB Willie Ochoa 0-0: Ball
1-0: Foul Ball, location: 2F
1-1: Ball
2-1: Ground out 6-3 (Groundball, 6, EV 85.6 MPH)
Bottom of the 2nd over - 0 runs, 0 hits, 0 errors, 0 left on base; Jackson 0 - Erie 3
TOP OF THE 3RD
Jackson Generals batting - Pitching for Erie SeaWolves : RHP Dan Keener
Batting: RHB Victor Rosas 0-0: Called Strike
0-1: Ground out 6-3 (Groundball, 6, EV 93.8 MPH)
Batting: RHB Ching-hsia Zhang 0-0: Ball
1-0: Ball
2-0: Called Strike
2-1: Ground out 3-1 (Groundball, 34, EV 101.9 MPH)
Batting: RHB Egidius Kruger 0-0: Ground out 5-3 (Groundball, 56, EV 95.0 MPH)
Top of the 3rd over - 0 runs, 0 hits, 0 errors, 0 left on base; Jackson 0 - Erie 3
BOTTOM OF THE 3RD
Erie SeaWolves batting - Pitching for Jackson Generals : LHP Andy Mathis
Batting: RHB Eric Angelle 0-0: Called Strike
0-1: Swinging Strike
0-2: Ground out 6-3 (Groundball, 6, EV 85.6 MPH)
Batting: RHB Tony Soto 0-0: Ground out 5-3 (Groundball, 56, EV 107.5 MPH)
Batting: LHB Dave Carlisle 0-0: Foul Ball, location: 2F
0-1: Ball
1-1: Foul Ball, location: 2F
1-2: Foul Ball, location: 2F
1-2: Foul Ball, location: 2F
1-2: Foul Ball, location: 2F
1-2: DOUBLE (Groundball, 3L, EV 100.6 MPH)
Batting: RHB John Evancho 0-0: Ball
1-0: Ball
2-0: Ball
3-0: Called Strike
3-1: Base on Balls
Batting: RHB Adam MacConnell 0-0: Foul Ball, location: 2F
0-1: Called Strike
0-2: Ball
1-2: SINGLE (Flyball, 3D, EV 95.0 MPH)
Dave Carlisle to third
John Evancho to second
Runner from 3rd tries for Home, throw by RF and OUT! 9-2
Bottom of the 3rd over - 0 runs, 2 hits, 0 errors, 2 left on base; Jackson 0 - Erie 3
TOP OF THE 4TH
Jackson Generals batting - Pitching for Erie SeaWolves : RHP Dan Keener
Batting: RHB Tomokazu Sugimoto 0-0: Ball
1-0: Ground out 4-3 (Groundball, 4, EV 104.4 MPH)
Batting: RHB Ryan Criollo 0-0: Called Strike
0-1: Ball
1-1: Ball
2-1: Ground out 4-3 (Groundball, 4, EV 85.6 MPH)
Batting: RHB Julian Gregory 0-0: Called Strike
0-1: Ball
1-1: Called Strike
1-2: Ground out 6-3 (Groundball, 4M, EV 81.9 MPH)
Top of the 4th over - 0 runs, 0 hits, 0 errors, 0 left on base; Jackson 0 - Erie 3
BOTTOM OF THE 4TH
Erie SeaWolves batting - Pitching for Jackson Generals : LHP Andy Mathis
Batting: RHB Benny O'Connor 0-0: SINGLE (Line Drive, 8LS, EV 94.4 MPH)
Batting: RHB Tanner Purchase 0-0: Swinging Strike
0-1: Foul Ball, location: 2F
0-2: SINGLE (Line Drive, 89M, EV 109.4 MPH)
Benny O'Connor to second
Batting: RHB Jose Evangelista 0-0: Ball
1-0: Called Strike
1-1: Ball
2-1: Ball
3-1: Fly out, F7 (Flyball, 78M, EV 90.6 MPH)
Batting: RHB Willie Ochoa 0-0: Ball
1-0: Swinging Strike
1-1: Called Strike
1-2: Foul Ball, location: 2F
1-2: SINGLE (Groundball, 4MD, EV 108.8 MPH)
Benny O'Connor to third
Tanner Purchase to second
Runner from 3rd tries for Home, SAFE, throw by CF to home
Batting: RHB Eric Angelle 0-0: Called Strike
0-1: Ball
1-1: SINGLE (Flyball, 56D, EV 86.2 MPH)
Tanner Purchase to third
Willie Ochoa to second
Batting: RHB Tony Soto 0-0: SINGLE (Groundball, 56D, EV 102.5 MPH)
Tanner Purchase scores
Willie Ochoa to third
Eric Angelle to second
Pitching: RHP Jose Acevedo
Batting: LHB Dave Carlisle 0-0: Ball
1-0: Ball
2-0: Foul Ball, location: 2F
2-1: Foul Ball, location: 2F
2-2: Ball
3-2: Fly out, F7 (Line Drive, 7S, EV 98.1 MPH)
Batting: RHB John Evancho 0-0: Foul Ball, location: 2F
0-1: Ball
1-1: Ball
2-1: Ball
3-1: GRAND SLAM HOME RUN (Flyball, 78XD, EV 112.5 MPH), Distance : 439 ft
Batting: RHB Adam MacConnell 0-0: Called Strike
0-1: Foul Ball, location: 2F
0-2: Strikes out swinging
Bottom of the 4th over - 6 runs, 6 hits, 0 errors, 0 left on base; Jackson 0 - Erie 9
TOP OF THE 5TH
Jackson Generals batting - Pitching for Erie SeaWolves : RHP Dan Keener
Batting: RHB Adan Lake 0-0: Ball
1-0: Called Strike
1-1: Ball
2-1: Ball
3-1: Base on Balls
Batting: SHB Brendan Bundy 0-0: Ball
1-0: Ball
2-0: Foul Ball, location: 2F
2-1: Grounds into double play, 6-4-3 (Groundball, 6M, EV 106.9 MPH)
Batting: LHB Brent Dutcher 0-0: Ball
1-0: Ball
2-0: Ball
3-0: Called Strike
3-1: Base on Balls
Batting: RHB Victor Rosas 0-0: Ball
Brent Dutcher steals 2nd base
1-0: Ball
2-0: Foul Ball, location: 2F
2-1: Ball
3-1: Ground out U3 (Groundball, 34, EV 92.5 MPH)
Top of the 5th over - 0 runs, 0 hits, 0 errors, 1 left on base; Jackson 0 - Erie 9
BOTTOM OF THE 5TH
Erie SeaWolves batting - Pitching for Jackson Generals : RHP Jose Acevedo
Batting: RHB Benny O'Connor 0-0: Called Strike
0-1: Called Strike
0-2: Ball
1-2: Foul Ball, location: 2F
1-2: Ball
2-2: Fly out, F7 (Flyball, 7, EV 85.6 MPH)
Batting: RHB Tanner Purchase 0-0: Ball
1-0: Foul Ball, location: 2F
1-1: Swinging Strike
1-2: Foul Ball, location: 2F
1-2: Foul Ball, location: 2F
1-2: Ground out 5-3 (Groundball, 56, EV 99.4 MPH)
Batting: RHB Jose Evangelista 0-0: Fly out, F4 (Line Drive, 4D, EV 65.0 MPH)
Bottom of the 5th over - 0 runs, 0 hits, 0 errors, 0 left on base; Jackson 0 - Erie 9
TOP OF THE 6TH
Jackson Generals batting - Pitching for Erie SeaWolves : RHP Dan Keener
Batting: RHB Ching-hsia Zhang 0-0: Fly out, F8 (Flyball, 89D, EV 101.2 MPH)
Batting: RHB Egidius Kruger 0-0: Ball
1-0: Ground out 5-3 (Groundball, 5S, EV 86.2 MPH)
Batting: RHB Tomokazu Sugimoto 0-0: Called Strike
0-1: Ball
1-1: Ground out 5-3 (Groundball, 56S, EV 71.2 MPH)
Top of the 6th over - 0 runs, 0 hits, 0 errors, 0 left on base; Jackson 0 - Erie 9
BOTTOM OF THE 6TH
Erie SeaWolves batting - Pitching for Jackson Generals : RHP Jose Acevedo
Batting: RHB Willie Ochoa 0-0: Ball
1-0: Called Strike
1-1: Foul Ball, location: 2F
1-2: Strikes out looking
Batting: RHB Eric Angelle 0-0: Called Strike
0-1: Ball
1-1: Swinging Strike
1-2: Foul Ball, location: 2F
1-2: Foul Ball, location: 2F
1-2: Foul Ball, location: 2F
1-2: Foul Ball, location: 2F
1-2: Strikes out swinging
Batting: RHB Tony Soto 0-0: Called Strike
0-1: Ball
1-1: Foul Ball, location: 2F
1-2: Fly out, F8 (Flyball, 8RM, EV 86.2 MPH)
Bottom of the 6th over - 0 runs, 0 hits, 0 errors, 0 left on base; Jackson 0 - Erie 9
TOP OF THE 7TH
Jackson Generals batting - Pitching for Erie SeaWolves : RHP Dan Keener
Batting: RHB Ryan Criollo 0-0: Ball
1-0: Ball
2-0: SINGLE (Groundball, 56D, EV 98.8 MPH)
Batting: RHB Julian Gregory 0-0: Swinging Strike
0-1: Ball
1-1: Foul Ball, location: 2F
1-2: Ball
Ryan Criollo steals 2nd base (no throw)
2-2: SINGLE (Flyball, 56D, EV 90.0 MPH)
Ryan Criollo to third
Batting: RHB Adan Lake 0-0: Ball
1-0: SINGLE (Line Drive, 78S, EV 90.6 MPH)
Ryan Criollo scores
Julian Gregory to second
Runner from 2nd tries for 3rd, SAFE, throw by LF made to third
Batting: SHB Brendan Bundy 0-0: Foul Ball, location: 2F
0-1: Ball
1-1: Swinging Strike
1-2: Strikes out swinging
Batting: LHB Brent Dutcher 0-0: Ball
1-0: Ball
2-0: Called Strike
2-1: Foul Ball, location: 2F
2-2: Foul Ball, location: 2F
2-2: Fly out, F4 (Popup, 4, EV 61.2 MPH)
Batting: RHB Victor Rosas 0-0: Swinging Strike
0-1: Swinging Strike
0-2: SINGLE (Groundball, 4D, EV 103.1 MPH)
Julian Gregory scores
Adan Lake to second
Batting: RHB Ching-hsia Zhang 0-0: Called Strike
0-1: Fielders Choice at 2nd, 6-4 (Groundball, 6, EV 101.2 MPH)
Top of the 7th over - 2 runs, 4 hits, 0 errors, 2 left on base; Jackson 2 - Erie 9
BOTTOM OF THE 7TH
Erie SeaWolves batting - Pitching for Jackson Generals : RHP Jose Acevedo
Pitching: LHP Chan-u Lee
Batting: LHB Dave Carlisle 0-0: Ball
1-0: Called Strike
1-1: Ground out U3 (Groundball, 3, EV 100.0 MPH)
Batting: RHB John Evancho 0-0: Swinging Strike
0-1: Foul Ball, location: 2F
0-2: Ball
1-2: Ball
2-2: Strikes out looking
Batting: RHB Adam MacConnell 0-0: Called Strike
0-1: Called Strike
0-2: Strikes out swinging
Bottom of the 7th over - 0 runs, 0 hits, 0 errors, 0 left on base; Jackson 2 - Erie 9
TOP OF THE 8TH
Jackson Generals batting - Pitching for Erie SeaWolves : RHP Dan Keener
Batting: RHB Egidius Kruger 0-0: Ground out 5-3 (Groundball, 56S, EV 81.2 MPH)
Batting: RHB Tomokazu Sugimoto 0-0: Ball
1-0: Foul Ball, location: 2F
1-1: Ball
2-1: Called Strike
2-2: Ball
3-2: SINGLE (Groundball, 6S, EV 67.5 MPH) (infield hit)
Batting: RHB Ryan Criollo 0-0: Fielders Choice at 2nd, 3-6 (Groundball, 34, EV 87.5 MPH)
Batting: RHB Julian Gregory 0-0: Ball
1-0: Foul Ball, location: 2F
1-1: Ball
2-1: Ground out 1-3 (Groundball, 13S, EV 68.8 MPH)
Top of the 8th over - 0 runs, 1 hit, 0 errors, 1 left on base; Jackson 2 - Erie 9
BOTTOM OF THE 8TH
Erie SeaWolves batting - Pitching for Jackson Generals : LHP Chan-u Lee
Batting: RHB Benny O'Connor 0-0: Called Strike
0-1: Ball
1-1: Ball
2-1: Foul Ball, location: 2F
2-2: Strikes out swinging, 2-3 out at first.
Batting: RHB Tanner Purchase 0-0: Ball
1-0: Foul Ball, location: 2F
1-1: Called Strike
1-2: Ball
2-2: Ball
3-2: Foul Ball, location: 2F
3-2: Foul Ball, location: 2F
3-2: Base on Balls
Batting: RHB Jose Evangelista 0-0: Ball
1-0: Ball
2-0: Foul Ball, location: 2F
2-1: Swinging Strike
2-2: SINGLE (Groundball, 34D, EV 99.4 MPH)
Tanner Purchase to second
Runner from 2nd tries for 3rd, SAFE, no throw by RF
Batting: RHB Willie Ochoa 0-0: Ball
1-0: Fly out, F4 (Popup, 4, EV 72.5 MPH)
Batting: RHB Eric Angelle 0-0: Called Strike
0-1: Swinging Strike
0-2: Ball
1-2: Ball
2-2: Strikes out swinging
Bottom of the 8th over - 0 runs, 1 hit, 0 errors, 2 left on base; Jackson 2 - Erie 9
TOP OF THE 9TH
Jackson Generals batting - Pitching for Erie SeaWolves : RHP Dan Keener
Pitching: RHP Andy Thoennes
Batting: RHB Adan Lake 0-0: Ball
1-0: SINGLE (Line Drive, 6D, EV 94.4 MPH)
Batting: SHB Brendan Bundy 0-0: Ball
1-0: Ball
2-0: Ball
3-0: Foul Ball, location: 2F
3-1: Fly out, F8 (Flyball, 8RD, EV 106.2 MPH)
Batting: LHB Brent Dutcher 0-0: Ball
1-0: Ball
2-0: SINGLE (Groundball, 4MD, EV 107.5 MPH)
Adan Lake to second
Batting: RHB Victor Rosas 0-0: Called Strike
0-1: Ball
1-1: Ball
2-1: Grounds out, U3 (Groundball, 3L, EV 86.2 MPH)
Adan Lake to third
Pitching: RHP Juan Cornejo
Batting: RHB Ching-hsia Zhang 0-0: Swinging Strike
0-1: Called Strike
0-2: Ball
1-2: Ground out 4-3 (Groundball, 4, EV 83.8 MPH)
Top of the 9th over - 0 runs, 2 hits, 0 errors, 2 left on base; Jackson 2 - Erie 9
Tuesday, March 28th , 2023 - OOTP Baseball 23.10 Build 110